 Dungeon Crawl Stone Soup version 0.24.0-7-gb3623d2c88 (webtiles) character file.

Game seed: 14442278545858749299, levelgen mode: deterministic

6755 opiumtea the Fighter (level 11, -3/81 HPs)
             Began as an Octopode Conjurer on Nov 2, 2019.
             Was a Believer of Ashenzari.
             Slain by a black mamba (18 damage)
             ... on level 1 of the Lair of Beasts.
             The game lasted 00:51:04 (16009 turns).

opiumtea the Fighter (Octopode Conjurer)           Turns: 16009, Time: 00:51:05

Health: -3/81      AC:  3    Str: 12    XL:     11   Next: 4%
Magic:  28/36      EV: 13    Int: 21    God:    Ashenzari [**....]
Gold:   352        SH:  0    Dex: 12    Spells: 7/24 levels left

rFire    . . .     SeeInvis .   a - staff of power (curse)
rCold    . . .     Gourm    .   (no shield)
rNeg     . . .     Faith    .   j - +2 hat
rPois    .         Spirit   .   (no amulet)
rElec    .         Reflect  .   m - +4 ring of strength (curse)
rCorr    .         Harm     .   B - ring of flight
MR       .....                  G - ring of stealth
Stlth    ++++++....             (no ring)
HPRegen  0.23/turn              (no ring)
MPRegen  0.25/turn              (no ring)
                                (no ring)
                                (no ring)

@: lethally poisoned (-3 -> -21)
A: almost no armour, stealthy swim, amphibious, 8 rings, constrict 8, camouflage
1, gelatinous body 1
a: Curse Item, Scrying, Renounce Religion, Evoke Flight


You were on level 1 of the Lair of Beasts.
You worshipped Ashenzari.
Ashenzari was pleased with you.
You were not hungry.

You visited 2 branches of the dungeon, and saw 11 of its levels.

You collected 487 gold pieces.
You spent 135 gold pieces at shops.

Inventory:

Hand Weapons
 b - a +2 dagger of protection
 w - a +0 club
 A - a +2 short sword of flaming
 D - a +2 short sword of holy wrath
Armour
 g - a cursed +0 buckler
 j - a +2 hat (worn)
 M - a +0 shield
Magical Staves
 a - a cursed staff of power (weapon)
 H - an uncursed staff of summoning
Jewellery
 m - a cursed +4 ring of strength (left tentacle)
 B - a ring of flight (right tentacle)
 G - a ring of stealth (on tentacle)
 L - an uncursed ring of fire
Wands
 h - a wand of random effects (11)
 x - a wand of digging (7)
 y - a wand of flame (32)
 F - a wand of clouds (8)
 K - a wand of acid (6)
 N - a wand of polymorph (14)
 O - a wand of paralysis (9)
Scrolls
 f - 3 scrolls of enchant weapon {unknown}
 k - 2 scrolls of noise {unknown}
 o - a scroll of immolation {unknown}
 q - a scroll of teleportation
 r - a scroll of amnesia {unknown}
 v - 2 scrolls of enchant armour {unknown}
 C - a scroll of blinking {unknown}
 I - a scroll of summoning {unknown}
 J - 4 scrolls of remove curse
Potions
 d - a potion of cancellation {unknown}
 e - 5 potions of brilliance
 i - 4 potions of haste
 l - 3 potions of heal wounds
 n - 7 potions of curing
 p - 2 potions of might {unknown}
 t - 3 potions of lignification {unknown}
 u - a potion of flight {unknown}
 z - 4 potions of agility
 E - a potion of magic {unknown}
 P - a potion of resistance {unknown}
 Q - a potion of degeneration {unknown}
Comestibles
 s - 22 rations


   Skills:
 - Level 10.0 Fighting
 - Level 2.0 Dodging
 - Level 7.6 Stealth
 * Level 3.4 Shields
 + Level 7.1(9.5) Spellcasting
 - Level 6.5 Conjurations
 - Level 4.0 Hexes
 - Level 3.8 Air Magic
 - Level 4.6 Poison Magic


You had 7 spell levels left.
You knew the following spells:

 Your Spells              Type           Power        Failure   Level  Hunger
a - Magic Dart            Conj           ####         1%          1    None
b - Searing Ray           Conj           #####.       1%          2    None
c - Dazzling Spray        Conj/Hex       ####..       2%          3    None
d - Iskenderun's Mystic   Conj           #####...     4%          4    ##.....
e - Fulminant Prism       Conj/Hex       ####......   8%          4    ##.....
f - Mephitic Cloud        Conj/Pois/Air  ####....     2%          3    None

Your spell library contained the following spells:

 Spells                   Type           Power        Failure   Level  Hunger
 Confusing Touch          Hex            ####..       1%          1    None
 Sting                    Conj/Pois      ####         1%          1    None
 Poisonous Vapours        Pois/Air       ####..       1%          2    None
 Conjure Flame            Conj/Fire      ###.....     5%          3    None
 Animate Skeleton         Necr           N/A          7%          1    None
 Apportation              Tloc           #.....       7%          1    None
 Summon Small Mammal      Summ           #...         7%          1    None
 Olgreb's Toxic Radiance  Pois           ####....     11%         4    ##.....
 Force Lance              Conj/Tloc      ###.....     19%         4    ##.....
 Venom Bolt               Conj/Pois      ####......   19%         5    #####..
 Freezing Cloud           Conj/Ice/Air   ###.......   95%         6    ######.
 Ring of Flames           Chrm/Fire      #.........   100%        7    #######


Dungeon Overview and Level Annotations

Branches:
Dungeon (10/15)            Temple (0/1) D:6            Lair (1/6) D:8
    Orc: D:9-12

Altars:
Ashenzari
Dithmenos
Elyvilon
Fedhas
Gozag
Hepliaklqana
Makhleb
Nemelex Xobeh
Trog
Uskayaw
Vehumet
Wu Jian
Xom
The Shining One

Shops:
D:4 *

Annotations:
D:8 2 transporters, topfpfpflanze's ghost, novice DsNe
D:9 1 runed translucent door, Zaecvynt's ghost, novice TrMo


Innate Abilities, Weirdness & Mutations

You cannot wear most types of armour.
You are very stealthy in the water. (Stealth+)
You are amphibious.
You can wear up to eight rings at the same time.
You can use your tentacles to constrict eight enemies at once.
Your skin changes colour to match your surroundings (Stealth+).
Your rubbery body absorbs attacks. (AC +1, EV +1)


Message History

The searing ray misses the black mamba.
You finish channeling your searing ray.
The black mamba bites you!
You are poisoned.
The black mamba poisons you! The black mamba completely misses you.
You feel sick. The black mamba bites you!!
You are more poisoned.
The black mamba poisons you!
Casting: Searing Ray (safe; 1% risk of failure)
Confirm with . or Enter, or press ? or * to list all spells.
Aiming: Iskenderun's Mystic Blast (safe; 4% risk of failure)
Press: ? - help, Shift-Dir - straight line, f/p - black mamba
Aim: a black mamba (heavily wounded)
The orb of energy hits the black mamba!
The black mamba is severely wounded.
The orb of energy explodes!
You feel sick.
You hear a screech!
The black mamba bites you!
* * * LOW HITPOINT WARNING * * *
The black mamba bites you!!
You die...

### ### #.###.# ########
......##### ######......##
..........###............## ,
, ...........#.#.............
.......##.......@S.........,
.....#.##...######.........,,
......###..## ##......#.
.......##..# ##....##
........#..# * ....#
.......#...# * ,....#
.......##..## ** ,....#
.......##...# * ....# *
.#.........## ,


You could see a black mamba.

Vanquished Creatures
  A two-headed ogre (D:9)
  Pikel (D:9)
  Joseph (D:7)
  2 trolls (D:9)
  Grinder (D:3)
  A shadow (D:9)
  A spriggan (D:7)
  A yak (Lair:1)
  A hungry ghost (D:7)
  3 water moccasins (Lair:1)
  Duvessa (D:5)
  3 orc warriors
  2 ice beasts
  3 black bears
  A sky beast (D:8)
  A slave (D:9)
  4 ogres
  2 phantoms
  A crocodile (Lair:1)
  3 centaurs
  A bullfrog (D:8)
  2 scorpions
  Dowan (D:6)
  A water moccasin skeleton (D:9)
  2 howler monkeys (D:6)
  3 crimson imps
  A bullfrog zombie (D:5)
  7 hounds
  5 jellies
  9 orc priests
  3 bullfrog skeletons
  A centaur skeleton (D:4)
  2 orc wizards
  4 iguanas
  An iron imp (D:6)
  Terence (D:3)
  Jessica (D:2)
  Natasha (thrice) (D:3)
  9 worker ants
  2 hound skeletons
  2 worker ant zombies
  4 gnolls (D:3)
  11 adders
  7 shadow imps
  An adder zombie (D:7)
  An adder skeleton (D:4)
  3 worms
  A dart slug (D:1)
  5 leopard geckos
  39 orcs
  4 giant cockroaches
  7 goblins
  6 hobgoblins
  16 jackals
  2 quokkas
  3 ball pythons
  5 bats
  8 frilled lizards
  A goblin skeleton (D:6)
  A goblin zombie (D:6)
  2 hobgoblin zombies (D:6)
  A jackal zombie (D:6)
  6 kobolds
  A kobold zombie (D:6)
  2 leopard gecko zombies
  An orc skeleton (D:6)
  2 orc zombies (D:6)
  A quokka skeleton (D:4)
  7 rats
243 creatures vanquished.

Vanquished Creatures (others)
  2 slaves (D:9)
  14 fulminant prisms
  7 plants
23 creatures vanquished.

Grand Total: 266 creatures vanquished

Notes
Turn   | Place    | Note
-------+----------+-------------------------------------------
     0 | D:1      | opiumtea the Octopode Conjurer began the quest for the Orb.
     0 | D:1      | Reached XP level 1. HP: 11/11 MP: 3/3
   223 | D:1      | Reached XP level 2. HP: 11/17 MP: 0/5
   819 | D:1      | Learned a level 2 spell: Searing Ray
   989 | D:1      | Reached XP level 3. HP: 16/21 MP: 3/7
   994 | D:1      | Learned a level 3 spell: Dazzling Spray
  1485 | D:2      | Found a shattered altar of Ashenzari.
  1485 | D:2      | Noticed Jessica
  1496 | D:2      | Killed Jessica
  1496 | D:2      | Reached XP level 4. HP: 27/27 MP: 7/10
  1701 | D:2      | Found a hazy altar of Hepliaklqana.
  1727 | D:2      | Reached XP level 5. HP: 31/31 MP: 7/12
  2091 | D:2      | Found a bloodstained altar of Trog.
  2309 | D:3      | Found a burning altar of Makhleb.
  2429 | D:3      | Noticed Terence
  2441 | D:3      | Killed Terence
  2441 | D:3      | Reached skill level 5 in Spellcasting
  2654 | D:3      | Noticed Grinder
  2660 | D:3      | Paralysed by Grinder for 3 turns
  2668 | D:3      | Killed Grinder
  2668 | D:3      | Reached XP level 6. HP: 36/36 MP: 5/15
  2674 | D:3      | Learned a level 4 spell: Iskenderun's Mystic Blast
  2679 | D:3      | Learned a level 4 spell: Fulminant Prism
  2773 | D:3      | Found a sparkling altar of Nemelex Xobeh.
  2774 | D:3      | Found a white marble altar of Elyvilon.
  2910 | D:3      | Noticed an ice beast
  3400 | D:3      | Noticed Natasha
  3411 | D:3      | Killed Natasha
  3570 | D:3      | Reached XP level 7. HP: 41/41 MP: 14/16
  3580 | D:3      | Noticed Natasha
  3594 | D:3      | Killed Natasha
  3708 | D:3      | Reached skill level 5 in Conjurations
  4043 | D:2      | Found a shadowy altar of Dithmenos.
  4051 | D:2      | Became a worshipper of Ashenzari the Shackled
  4068 | D:3      | Noticed Natasha
  4072 | D:3      | Killed Natasha
  4409 | D:4      | Found Sodwuit's Assorted Antiques.
  4779 | D:4      | Reached XP level 8. HP: 40/46 MP: 9/17
  5221 | D:4      | Found an opulent altar of Gozag.
  5277 | D:5      | Entered Level 5 of the Dungeon
  5609 | D:5      | Reached skill level 1 in Fighting
  5663 | D:5      | Found a radiant altar of Vehumet.
  5740 | D:5      | Reached skill level 2 in Fighting
  5898 | D:5      | Reached skill level 3 in Fighting
  6501 | D:5      | Reached skill level 4 in Fighting
  6735 | D:6      | Found a staircase to the Ecumenical Temple.
  6736 | D:6      | Reached skill level 5 in Fighting
  6906 | D:6      | Found a hide-covered altar of Uskayaw.
  6906 | D:6      | Noticed Duvessa
  6908 | D:6      | Noticed Dowan
  7562 | D:6      | Killed Dowan
  7562 | D:6      | Reached XP level 9. HP: 52/62 MP: 5/18
  7743 | D:6      | Reached skill level 6 in Fighting
  7823 | D:6      | Found a glowing golden altar of the Shining One.
  7894 | D:5      | Killed Duvessa
  8129 | D:4      | Bought a moonstone ring for 135 gold pieces
  8167 | D:6      | Found a blossoming altar of Fedhas.
  8272 | D:6      | Reached skill level 7 in Fighting
  9301 | D:7      | Found an ornate altar of the Wu Jian Council.
  9560 | D:7      | Reached skill level 8 in Fighting
  9666 | D:7      | Found a bloodstained altar of Trog.
  9681 | D:7      | Reached * piety under Ashenzari
 10232 | D:7      | Noticed Joseph
 10639 | D:7      | Killed Joseph
 10639 | D:7      | Reached skill level 9 in Fighting
 11489 | D:8      | Identified the cursed +1 scale mail "Lutrur" {Str+2}
 11489 | D:8      | Identified the +0 shield of Autotheism {rC+ Dex+3}
 11617 | D:8      | Reached skill level 10 in Fighting
 11617 | D:8      | Reached XP level 10. HP: 63/76 MP: 4/19
 11862 | D:8      | Reached skill level 5 in Stealth
 12580 | D:8      | Found a staircase to the Lair.
 12877 | D:8      | Found a transporter.
 12878 | D:8      | Noticed topfpfpflanze's ghost (novice DsNe)
 12890 | D:8      | Found a transporter.
 13031 | D:8      | Identified the amulet "Didicypn" {Harm *Drain +Inv rN+ MR+
                  | Dex+3}
 13431 | D:9      | Learned a level 3 spell: Mephitic Cloud
 13857 | D:9      | Reached skill level 1 in Poison Magic
 13917 | D:9      | Reached skill level 1 in Air Magic
 14152 | D:9      | Noticed a two-headed ogre
 14176 | D:9      | Killed a two-headed ogre
 14438 | D:9      | Found a runed translucent door.
 14438 | D:9      | Noticed Zaecvynt's ghost (novice TrMo)
 14439 | D:9      | Found a shimmering altar of Xom.
 14440 | D:9      | Noticed a +5 war axe of chaos
 14574 | D:9      | Noticed Pikel
 14591 | D:9      | Killed Pikel
 14591 | D:9      | Reached skill level 1 in Shields
 15136 | D:10     | Entered Level 10 of the Dungeon
 15211 | Lair:1   | Entered Level 1 of the Lair of Beasts
 15608 | Lair:1   | Reached ** piety under Ashenzari
 15702 | Lair:1   | Reached XP level 11. HP: 81/81 MP: 21/21
 16009 | Lair:1   | Slain by a black mamba

Levels and vault maps discovered:
D:1:      mrwooster_arrival_arrow, layout_basic
D:2:      layout_basic, old_standard_altar, old_standard_altar,
          nicolae_overflow_hidden_temple, uniq_jessica
D:3:      kennysheep_six_static_rooms, layout_basic,
          chequers_temple_overflow_statue_of_worship, first_ration,
          bloody_makhleb, uniq_terence, uniq_grinder, uniq_natasha
D:4:      layout_cave_pools, serial_shops, shop, chequers_serial_rivers_small_a,
          grunt_gozag_statues
D:5:      layout_basic, vehumet_altar_wand_db
D:6:      minmay_evil_eye, layout_basic, eat_drink_and_be_merry_uskayaw,
          nicolae_tso_besieged_by_evil, fedhas_bush_and_centaur_altar,
          minmay_temple_entry_arrows, kennysheep_generic_room_12, uniq_duvessa
D:7:      layout_cave_pools, overflow_temple_1_default, basic_altar, the_bakery,
          hangedman_decor_growths, uniq_joseph
D:8:      layout_basic, lair_entry_dummy, gammafunk_ghost_gnarly_gnolls
D:9:      layout_loops_ring, ebering_ghost_xom, uniq_pikel
D:10:     layout_cave_pools, orc_david_3, nicolae_trove_entry_crystal,
          uniq_snorg
Lair:1:   layout_gridlike

Skill      XL: |  1  2  3  4  5  6  7  8  9 10 |
---------------+-------------------------------+-----
Spellcasting   | 3 4 6 7 |  7.1
Conjurations   | 6 |  6.5
Hexes          | 2 4 |  4.0
Fighting       | 5 10 | 10.0
Stealth        | 7 |  7.6
Poison Magic   | 4 |  4.6
Air Magic      | 3 |  3.8
Shields        | 3 |  3.4
Dodging        | |  2.0

Action                   |  1- 3 |  4- 6 |  7- 9 | 10-12 || total
-------------------------+-------+-------+-------+-------++-------
Melee: Constrict         |     2 |     2 |    17 |     9 ||    30
       Unarmed           |     1 |       |       |       ||     1
       Club              |     2 |       |       |       ||     2
       Short sword       |       |     3 |     2 |       ||     5
       Tentacles         |       |     1 |    19 |     7 ||    27
       Dagger            |       |       |    66 |    23 ||    89
       Staff             |       |       |       |    11 ||    11
 Cast: Magic Dart        |    50 |    32 |   286 |   112 ||   480
       Searing Ray       |     1 |    12 |    26 |     7 ||    46
       Iskenderun's Myst |       |       |    52 |    60 ||   112
       Fulminant Prism   |       |       |     6 |     8 ||    14
       Dazzling Spray    |       |       |     1 |     2 ||     3
       Mephitic Cloud    |       |       |       |     4 ||     4
Invok: Curse Item        |       |       |     1 |     1 ||     2
  Use: Scroll            |       |     3 |     5 |       ||     8
 Stab: Invisible         |       |       |       |     3 ||     3
  Eat: Chunk             |     2 |     3 |    26 |     6 ||    37
       Ration            |       |     1 |     2 |     5 ||     8
Armor: Skin              |     2 |     1 |    29 |    11 ||    43
Dodge: Dodged            |    12 |     8 |   123 |    57 ||   200
